 Dungeon Crawl Stone Soup version 0.15-a0-1798-g4683f23 (webtiles) character file.

28522 Wake the Fencer (level 13, 0/96 HPs)
             Began as a Formicid Fighter on June 29, 2014.
             Was the Champion of Makhleb.
             Succumbed to a black mamba's poison
             ... on Level 6 of the Lair of Beasts on June 30, 2014.
             The game lasted 02:28:30 (15727 turns).

Wake the Fencer (Formicid Fighter)                 Turns: 15727, Time: 02:28:30

HP   0/96        AC  9     Str 23      XL: 13   Next: 74%
MP  28/28        EV 11     Int  7      God: Makhleb [******]
Gold 660         SH 13     Dex 13      Spells:  1 memorised, 21 levels left

rFire  + . .     SeeInvis +     w - +4 scimitar (flame)
rCold  + . .     Clarity  .     B - +0 robe {rC+ rF+}
rNeg   . . .     rCorr    .     c - +0 shield
rPois  .         rRot     .     (helmet unavailable)
rElec  .         Spirit   .     j - +0 cloak
SustAb .         Warding  .     x - +0 pair of gloves
rMut   .         Stasis   +     J - +0 pair of boots of Khuhaipung {Slay+4 Curse}
Gourm  .                        (no amulet)
MR     ++...                    A - ring of wizardry
                                o - ring of wizardry

@: lethally poisoned, very resistant to hostile enchantments, very unstealthy
A: permanent stasis, dig shafts and tunnels, four strong arms, antennae 3, rough
black scales 1, blurry vision 1, deformed body, magic resistance 1
a: Dig, Shaft Self, Minor Destruction, Lesser Servant of Makhleb, Major
Destruction, Greater Servant of Makhleb, Renounce Religion


You were on level 6 of the Lair of Beasts.
You worshipped Makhleb.
Makhleb was exalted by your worship.
You were not hungry.

You visited 3 branches of the dungeon, and saw 17 of its levels.
You also visited: Ossuary.

You collected 802 gold pieces.
You spent 142 gold pieces at shops.

Inventory:

Hand weapons
 i - a +0 quarterstaff of freezing
 k - the cursed +3 short sword "Schida Suon" {slice, rElec rPois}
   (You found it on level 5 of the Lair of Beasts)

   It inflicts extra damage upon your enemies.
   It insulates you from electricity.
   It protects you from poison.
   It has a curse placed upon it.
 m - a +2 scimitar of slicing
 v - a cursed +2 sling of freezing
 w - a +4 scimitar of flaming (weapon)
Missiles
 e - 17 sling bullets of frost
 r - 481 stones (quivered)
 s - 119 sling bullets
Armour
 c - a +0 shield (worn)
 j - a +0 cloak (worn)
 x - a +0 pair of gloves (worn)
 y - a +3 ring mail of magic resistance
 B - a +0 robe of resistance (worn)
 J - the +0 pair of boots of Khuhaipung (worn) {Slay+4 Curse}
   (You found it on level 5 of the Dungeon)

   It affects your accuracy and damage with ranged weapons and melee attacks
   (+4).
   It may recurse itself when equipped.
Magical devices
 a - a wand of draining (3)
 b - a wand of flame (7)
 z - a wand of frost (7)
 Z - a wand of paralysis (8)
Comestibles
 d - 13 bread rations
 p - a chunk of hound flesh
 G - 7 meat rations
Scrolls
 g - 6 scrolls of remove curse
 h - 9 scrolls of identify
 C - a scroll of fog
 O - a scroll of magic mapping
 R - 3 scrolls of fear
Jewellery
 l - an uncursed amulet of faith
 o - a ring of wizardry (left hand)
 q - an uncursed ring of poison resistance
 t - an uncursed ring of protection from cold
 u - a +4 ring of evasion
 A - a ring of wizardry (right hand)
 H - an uncursed ring of protection from fire
Potions
 f - 5 potions of curing
 D - a potion of mutation
 K - a potion of flight
 M - 2 potions of agility
 P - a potion of resistance
Books
 n - a book of Unlife

   Spells                             Type                      Level
   Recall                             Summoning/Translocation      3
   Animate Dead                       Necromancy                   4
   Control Undead                     Necromancy                   4
   Twisted Resurrection               Necromancy                   5
   Death Channel                      Necromancy                   6
   Simulacrum                         Ice/Necromancy               6


   Skills:
 - Level 7.0 Fighting
 + Level 15.7 Long Blades
 - Level 5.0 Armour
 * Level 13.1 Shields
 + Level 6.1 Spellcasting
 + Level 2.4 Summonings
 - Level 6.0 Invocations


You had 21 spell levels left.
You knew the following spells:

 Your Spells              Type           Power        Failure   Level  Hunger
a - Call Canine Familiar  Summ           #.......     10%         3    ###....


Dungeon Overview and Level Annotations

Branches:
Dungeon (9/15)             Temple (1/1) D:4            Lair (7/8) D:9
 Shoals (0/5) Lair:4        Snake (0/5) Lair:4        Slime (0/6) Lair:6
    Orc: D:9-12

Altars:
Ashenzari
Cheibriados
Dithmenos
Elyvilon
Fedhas
Gozag
Kikubaaqudgha
Makhleb
Nemelex Xobeh
Okawaru
Qazlal
Sif Muna
Trog
Vehumet
Xom
Yredelemnul
Zin
The Shining One

Shops:
D:8 }:%?[

Annotations:
D:9 exclusion: upstairs
Lair:5 exclusion: oklob plant
Lair:6 exclusions: downstairs and 6 more exclusions
Lair:7 exclusion: oklob plant


Innate Abilities, Weirdness & Mutations

Your are under a permanent stasis effect.
You can dig through walls and to a lower floor.
Your four strong arms can wield two-handed weapons with a shield.
You have a pair of large antennae on your head (SInv).
You are partially covered in rough black scales (AC +4, Dex -1).
Your vision is a little blurry.
Armour fits poorly on your strangely shaped body.
You are resistant to hostile enchantments.


Message History

Use which ability? (? or * to list)
A demon appears!
You feel slightly more hungry. You block the black mamba's attack.
The spiny frog stings your ynoxinul! The black mamba closely misses you.
Evoke which item? (* to show all) (? for menu, Esc to quit)
Okay, then.
The spiny frog stings your ynoxinul! You block the black mamba's attack.
You closely miss the black mamba.
The black mamba is moderately wounded.
The wyvern bites your ynoxinul!
Your ynoxinul dies!
The black mamba barely misses you.
Use which ability? (? or * to list)
A demon appears!
You feel somewhat more hungry. You block the black mamba's attack.
The black mamba bites you!
* * * LOW HITPOINT WARNING * * *
You are lethally poisoned!
The black mamba poisons you!
You swap places.
You die...

.............##...........## #
............##...#.........####
.....#......#...##..8.##......#
..........P#...####...####...##
..PP#.##.P.#.....#......#....##
....####.#..>.8.....>..###8.<.#
...## ##..#...###.....###...##
#.##### #..#...####F..###...##
..P##.###...#...@#S.8..##....##
.....###.....#...2D...##...##.# #
..............#...........###.# #
..............#...........#...###
..+..#.P.......#........##..P..#.
..#..#.P........###...###..##.>#P
...###.#..........#.8.#...###....
...# ##..........#.+#.#....##....
..## ###......###........####.#.


You could see a wyvern and a friendly cacodemon.

Vanquished Creatures
  Harold (Lair:3)
  3 hydras
  A catoblepas (Lair:4)
  Erolcha (D:8)
  An oklob plant (Lair:2)
  A black mamba (Lair:6)
  A griffon (Lair:6)
  6 spiny frogs
  The ghost of JogiH the Magician, an experienced FoWz of Cheibriados (D:5)
  A fire drake (Lair:4)
  4 komodo dragons
  A polar bear (Lair:5)
  26 blink frogs
  2 slime creatures (Lair:6)
  A spriggan (D:7)
  A raiju (D:9)
  A wyvern (Lair:4)
  25 yaks
  9 hippogriffs
  2 nagas (Lair:4)
  An orc warrior (D:9)
  6 porcupines
  8 water moccasins
  A necrophage (D:8)
  A sky beast (D:9)
  A black bear (D:7)
  A boring beetle (Lair:5)
  2 ogres
  12 crocodiles
  7 big kobolds
  10 centaurs
  10 giant frogs
  3 scorpions
  A yak skeleton (D:7)
  4 bog bodies (Ossuary)
  2 crimson imps
  The ghost of deathcap the Slasher, a weakling TeGl (D:3)
  4 giant frog zombies (Ossuary)
  A big fish (D:4)
  A goliath beetle (D:6)
  3 jellies
  4 orc priests
  7 iguanas
  11 hounds
  4 orc wizards
  9 worker ants
  20 sheep
  A sky beast zombie (Ossuary)
  Ijyb (D:4)
  An ogre zombie (Ossuary)
  A hound zombie (Ossuary)
  14 mummies
  A gnoll (D:1)
  32 green rats
  An orc zombie (D:7)
  15 adders
  A shadow imp (D:8)
  An inept item mimic (D:5)
  4 worms
  An iguana zombie (Ossuary)
  An adder zombie (D:6)
  2 adder skeletons
  2 orc skeletons
  28 orcs
  16 bats
  A bat skeleton (D:7)
  A bat zombie (Ossuary)
  9 giant cockroaches
  8 goblins
  11 hobgoblins
  16 jackals
  26 kobolds
  12 quokkas
  2 ball pythons
  2 giant geckos
  4 giant newts
  3 goblin zombies
  2 hobgoblin zombies
  2 kobold zombies
  9 rats
  A rat zombie (D:7)
  2 ballistomycetes (D:6)
458 creatures vanquished.

Vanquished Creatures (collateral kills)
  Fannar (Lair:2)
  Erica (Lair:3)
  A spiny frog (Lair:3)
  2 yaks (Lair:3)
  A water moccasin (Lair:3)
6 creatures vanquished.

Vanquished Creatures (others)
  A smoke demon (Lair:3)
  A ynoxinul (Lair:6)
  A human (D:2)
  A giant spore (D:6)
  3 fungi
  3 plants
10 creatures vanquished.

Grand Total: 474 creatures vanquished

Notes
Turn   | Place    | Note
--------------------------------------------------------------
     0 | D:1      | Wake, the Formicid Fighter, began the quest for the Orb.
     0 | D:1      | Reached XP level 1. HP: 18/18 MP: 1/1
   262 | D:1      | Reached XP level 2. HP: 22/24 MP: 3/3
   386 | D:1      | Reached XP level 3. HP: 15/29 MP: 4/4
   610 | D:1      | Reached skill level 4 in Shields
  1305 | D:2      | Reached XP level 4. HP: 35/37 MP: 5/5
  1756 | D:2      | Found an ancient bone altar of Kikubaaqudgha.
  1757 | D:2      | Noticed a human
  1759 | D:2      | Killed a human
  1929 | D:3      | Noticed deathcap's ghost (weakling TeGl)
  2039 | D:3      | Reached XP level 5. HP: 31/42 MP: 7/7
  2195 | D:3      | Killed deathcap's ghost
  2300 | D:3      | Reached XP level 6. HP: 33/48 MP: 8/8
  2658 | D:3      | Reached skill level 5 in Long Blades
  2762 | D:4      | Found a staircase to the Ecumenical Temple.
  2817 | D:4      | Reached XP level 7. HP: 31/54 MP: 9/9
  2844 | Temple   | Entered the Ecumenical Temple
  2875 | Temple   | Became a worshipper of Makhleb the Destroyer
  3083 | D:4      | Reached skill level 5 in Armour
  3127 | D:4      | Found a stormy altar of Qazlal.
  3592 | D:4      | Noticed Ijyb
  3605 | D:4      | Killed Ijyb
  3605 | D:4      | Reached skill level 6 in Long Blades
  3796 | D:5      | Entered Level 5 of the Dungeon
  4017 | D:5      | Acquired Makhleb's first power
  4151 | D:5      | Noticed JogiH's ghost (experienced FoWz)
  4173 | D:5      | Got a pair of shimmering boots
  4185 | D:5      | Identified the cursed +0 pair of boots of Khuhaipung {Slay+4 Curse} (You found it on level 5 of the Dungeon)
  4216 | D:5      | Reached skill level 5 in Shields
  4216 | D:5      | Reached XP level 8. HP: 45/60 MP: 11/11
  4273 | D:5      | Reached skill level 7 in Long Blades
  4444 | D:5      | Acquired Makhleb's second power
  4512 | D:5      | Killed JogiH's ghost
  4512 | D:5      | Reached skill level 5 in Fighting
  4512 | D:5      | Reached skill level 8 in Long Blades
  4956 | D:6      | Reached XP level 9. HP: 65/68 MP: 12/12
  5370 | D:7      | Reached skill level 9 in Long Blades
  5439 | D:7      | Gained mutation: Your vision is a little blurry. [potion of mutation]
  5439 | D:7      | Gained mutation: You are partially covered in rough black scales (AC +4, Dex -1). [potion of mutation]
  5439 | D:7      | Gained mutation: Armour fits poorly on your strangely shaped body. [potion of mutation]
  5458 | D:7      | Found a sand-covered staircase.
  5497 | Ossuary  | Entered an ossuary
  5508 | Ossuary  | Gained mutation: You are resistant to hostile enchantments. [potion of mutation]
  5527 | Ossuary  | Reached skill level 1 in Spellcasting
  5611 | Ossuary  | Acquired Makhleb's third power
  5708 | Ossuary  | Reached skill level 10 in Long Blades
  6385 | D:8      | Found Qacovod's Magic Scroll Boutique.
  6422 | D:8      | Found Ulathic's Armour Boutique.
  6460 | D:8      | Bought a scroll of fear for 45 gold pieces
  6460 | D:8      | Bought a scroll of torment for 97 gold pieces
  6525 | D:8      | Found Trootom's Food Emporium.
  6554 | D:8      | Found Unoa's Book Emporium.
  6558 | D:8      | Reached XP level 10. HP: 79/79 MP: 20/20
  6608 | D:8      | Noticed Erolcha
  6673 | D:8      | Acquired Makhleb's fourth power
  6693 | D:8      | Found a deep blue altar of Sif Muna.
  6781 | D:8      | Reached skill level 11 in Long Blades
  6971 | D:8      | Killed Erolcha
  6979 | D:8      | Found Phekh's Gadget Emporium.
  7665 | D:9      | Upgraded the game from 0.15-a0-1788-ga796aff to 0.15-a0-1798-g4683f23
  7699 | D:9      | Reached skill level 12 in Long Blades
  7906 | D:9      | Acquired Makhleb's fifth power
  7924 | D:9      | Found a staircase to the Lair.
  8378 | Lair:1   | Entered Level 1 of the Lair of Beasts
  8459 | Lair:1   | Reached XP level 11. HP: 84/84 MP: 23/23
  8736 | Lair:1   | Noticed a spiny frog
  8743 | Lair:1   | Killed a spiny frog
  8961 | Lair:1   | Reached skill level 13 in Long Blades
  9386 | Lair:2   | Noticed an oklob plant
  9397 | Lair:2   | Killed an oklob plant
 10368 | Lair:2   | Reached skill level 14 in Long Blades
 10565 | Lair:2   | Reached XP level 12. HP: 91/91 MP: 24/24
 10622 | Lair:2   | Noticed a seven-headed hydra
 10635 | Lair:2   | Killed a two-headed hydra
 10814 | Lair:3   | Noticed Fannar
 10827 | Lair:2   | Killed Fannar
 10827 | Lair:2   | Reached skill level 10 in Shields
 11041 | Lair:3   | Noticed Harold
 11078 | Lair:3   | Killed Harold
 11078 | Lair:3   | Reached skill level 1 in Invocations
 11161 | Lair:3   | Noticed Erica
 11751 | Lair:3   | Killed Erica
 11751 | Lair:3   | Reached skill level 15 in Long Blades
 12582 | Lair:4   | Reached XP level 13. HP: 90/96 MP: 26/26
 12640 | Lair:4   | Found a staircase to the Shoals.
 12662 | Lair:4   | Reached skill level 5 in Invocations
 12698 | Lair:4   | Noticed a catoblepas
 12723 | Lair:4   | Killed a catoblepas
 12723 | Lair:4   | Reached skill level 5 in Spellcasting
 13220 | Lair:4   | Found a staircase to the Snake Pit.
 13565 | Lair:2   | Learned a level 3 spell: Call Canine Familiar
 13640 | Lair:5   | Got a smoking short sword
 13649 | Lair:5   | Identified the cursed +3 short sword "Schida Suon" {slice, rElec rPois} (You found it on level 5 of the Lair of Beasts)
 13909 | Lair:5   | Reached skill level 1 in Summonings
 14941 | Lair:6   | Found a staircase to the Slime Pits.
 15726 | Lair:6   | HP: 2/96 [black mamba (7)]
 15727 | Lair:6   | Succumbed to a black mamba's poison

Action                   |  1- 3 |  4- 6 |  7- 9 | 10-12 | 13-15 || total
-------------------------+-------+-------+-------+-------+-------++-------
Melee: Long sword        |    82 |   194 |   468 |       |       ||   744
       Falchion          |       |       |    22 |   629 |       ||   651
       Scimitar          |       |       |       |   148 |   273 ||   421
 Fire: Sling             |       |    36 |    19 |       |       ||    55
Invok: Lesser Servant of |       |       |       |     3 |     1 ||     4
       Minor Destruction |       |       |       |     1 |       ||     1
       Greater Servant o |       |       |       |       |     1 ||     1
 Abil: Dig               |     5 |     3 |     9 |    17 |     1 ||    35
Evoke: Wand              |       |       |     5 |    15 |    12 ||    32
  Use: Potion            |       |     3 |     9 |     9 |     2 ||    23
       Scroll            |       |       |     4 |    18 |     4 ||    26
 Stab: Distracted        |       |       |       |     1 |       ||     1
       Paralysed         |       |       |       |       |     1 ||     1
       Sleeping          |       |       |       |       |     1 ||     1
